 Dungeon Crawl Stone Soup version 0.29.1-13-g9f3cf754e1 (webtiles) character file.

Game seed: 18085414501389272129

46 Rikuski the Charlatan (level 3, -5/27 HPs)
             Began as a Demonspawn Artificer on Feb 2, 2023.
             Engulfed by a cloud of flame (11 damage)
             ... on level 2 of the Dungeon on Feb 3, 2023.
             The game lasted 00:11:31 (2719 turns).

Rikuski the Charlatan (Demonspawn Artificer)        Turns: 2719, Time: 00:11:32

Health: -5/27      AC:  6    Str: 12    XL:     3   Next: 46%
Magic:  3/3        EV: 10    Int: 14    God:
Gold:   185        SH:  0    Dex: 13    Spells: 3/3 levels left

rFire   + . .      SeeInvis .   a - +0 club
rCold   . . .      Faith    .   (no shield)
rNeg    . . .      Spirit   .   q - +0 ring mail
rPois   .          Reflect  .   (no helmet)
rElec   .          Harm     .   s - +0 cloak
rCorr   .          Rampage  .   (no gloves)
Will    .....                   (no boots)
Stlth   +.........              o - amulet of regeneration
HPRegen 0.89/turn               j - ring of protection from fire
MPRegen 0.08/turn               (no ring)

@: no status effects
A: condensation shield
a: no special abilities


You were on level 2 of the Dungeon.
You visited 1 branch of the dungeon, and saw 2 of its levels.

You collected 185 gold pieces.

Inventory:

Hand Weapons
 a - a +0 club (weapon)
Armour
 b - a +0 leather armour
 q - a +0 ring mail (worn)
 s - a +0 cloak (worn)
Jewellery
 j - a ring of protection from fire (left hand)
 o - an amulet of regeneration (around neck)
Wands
 d - a wand of charming (15)
 e - a wand of iceblast (4)
 n - a wand of polymorph (9)
Scrolls
 h - 5 scrolls of teleportation {unknown}
 m - a scroll of identify {unknown}
 t - 2 scrolls of blinking {unknown}
Potions
 f - 2 potions of degeneration {unknown}
 g - a potion of invisibility {unknown}
 i - 2 potions of lignification {unknown}
 k - 2 potions of curing {unknown}
 l - a potion of might {unknown}
 p - a potion of ambrosia {unknown}
 r - a potion of heal wounds {unknown}


   Skills:
 + Level 2.2 Fighting
 + Level 2.6 Armour
 - Level 0.8 Dodging
 - Level 0.8 Stealth
 - Level 0.5 Spellcasting
 - Level 3.1 Evocations


You had 3 spell levels left.
You didn't know any spells.
Your spell library contained the following spells:

 Spells                   Type           Power      Damage    Failure   Level
 Gell's Gravitas          Tloc           0%         N/A       88%         3
 Teleport Other           Tloc           0%         N/A       88%         3
 Dispersal                Tloc           0%         N/A       100%        6


Dungeon Overview and Level Annotations

Branches:
Dungeon (2/15)

Altars:


Innate Abilities, Weirdness & Mutations

A meltable shield of frost defends you. (SH +0)


Message History

You kill the dart slug!
No target in view!
No target in view!
No target in view!
No target in view!
No target in view!
No target in view!
No target in view!
No target in view!
No target in view!
No target in view!
No target in view!
No target in view!
No target in view!
No target in view!
No target in view!
No target in view!
No target in view!
No target in view!
No target in view!
No target in view!
No target in view!
Really walk into a travel-excluded area? [Y]es or [N]o only, please.
Really walk into a travel-excluded area?
Found 7 gold pieces.
Really walk into that cloud of flame?
You are engulfed in blazing flames.
You resist.
Your condensation shield dissipates!
Found a robe.
Your icy envelope is restored.
Really walk into a travel-excluded area?
Really walk into that cloud of flame?
You are engulfed in blazing flames.
You resist.
Your condensation shield dissipates!
Really walk into that cloud of flame?
You are engulfed in blazing flames.
You resist.
* * * LOW HITPOINT WARNING * * *
You are engulfed in blazing flames.
You resist.
You die...

##################
####................#
#....######...#####.#
### ##.#### #§○§# #.#
..###..# #@○☼# #.#
#.....## #☼○°# #.#
##.#### #...#####.#
.#.### .....§§§..#
....... ☼(..$.☼○§..#
..##### §...$.§§§.##
..# ##...##### ..#
#.§§# #..


There were no monsters in sight!

Vanquished Creatures
  An adder (D:2)
  4 dart slugs
  A ball python (D:2)
  5 endoplasms
  A giant cockroach (D:1)
  2 goblins
  4 hobgoblins
  2 quokkas
  3 bats
  2 frilled lizards
  A kobold (D:1)
  A rat (D:1)
27 creatures vanquished.

Vanquished Creatures (others)
  A kobold (D:2)
  2 plants (D:2)
3 creatures vanquished.

Grand Total: 30 creatures vanquished

Notes
Turn   | Place    | Note
-------+----------+-------------------------------------------
     0 | D:1      | Rikuski the Demonspawn Artificer began the quest for the
                  | Orb.
     0 | D:1      | Reached XP level 1. HP: 15/15 MP: 1/1
   614 | D:1      | Gained mutation: A meltable shield of frost defends you.
                  | (SH +0) [demonic ancestry]
   614 | D:1      | Reached XP level 2. HP: 20/21 MP: 2/2
   719 | D:1      | Found a faded altar of an unknown god.
  2435 | D:2      | Reached XP level 3. HP: 4/27 MP: 3/3
  2719 | D:2      | Engulfed by a cloud of flame

Illustrated notes

Levels and vault maps discovered:
D:1:      amcnicky_arrival_flooded_fountain, layout_basic,
          dreamdust_ecumenical_altar_grove, grunt_decor_mini_mirrors
D:2:      layout_rooms, serial_bayou_pond_b, dreamdust_wishing_well,
          lemuel_flame_loot_1

Skill      XL: |  1  2 |
---------------+-------+-----
Armour         | 2 |  2.6
Fighting       | 2 |  2.2
Dodging        | |  0.8
Stealth        | |  0.8
Spellcasting   | |  0.5
Evocations     | |  3.1

Action                   || total
-------------------------++-------
Melee: Club              ||   127
Evoke: Wand              ||    16
 Stab: Sleeping          ||     1
Armor: Leather armour    ||    23
       Ring mail         ||    43
Dodge: Dodged            ||    90
Block: Other             ||    30
